 Dungeon Crawl Stone Soup version 0.15-a0-2099-gfb1bfb9 (webtiles) character file.

51 Conan321 the Magician (level 3, -1/21 HPs)
             Began as an Octopode Wizard on July 14, 2014.
             Slain by an adder (2 damage)
             ... on Level 2 of the Dungeon.
             The game lasted 00:06:02 (1660 turns).

Conan321 the Magician (Octopode Wizard)             Turns: 1660, Time: 00:06:03

HP  -1/21        AC  1     Str  6      XL: 3   Next: 83%
MP   8/8         EV 12     Int 21      God:
Gold 74          SH  0     Dex 10      Spells:  3 memorised,  4 levels left

rFire  . . .     SeeInvis .     (no weapon)
rCold  . . .     Clarity  .     (no shield)
rNeg   . . .     rCorr    .     b - +0 hat
rPois  .         rRot     .     (no amulet)
rElec  .         Spirit   .     (no ring)
SustAb .         Warding  .     (no ring)
rMut   .         Stasis   .     (no ring)
Gourm  .                        (no ring)
MR     .....                    (no ring)
                                (no ring)
                                (no ring)
                                (no ring)

@: lethally poisoned, very slightly contaminated, not resistant to hostile
enchantments, fairly stealthy
A: almost no armour, amphibious, 8 rings, constrict 8, camouflage 1, gelatinous
body 1
a: no special abilities


You were on level 2 of the Dungeon.
You were not hungry.

You visited 1 branch of the dungeon, and saw 2 of its levels.

You collected 74 gold pieces.

Inventory:

Missiles
 a - 4 javelins (quivered)
 j - 4 tomahawks
Armour
 b - a +0 hat (worn)
Comestibles
 d - a bread ration
 m - a meat ration
Scrolls
 e - 2 scrolls of identify {unknown}
 f - a scroll of enchant armour {unknown}
 l - a scroll of amnesia {unknown}
 n - 2 scrolls of remove curse {unknown}
 o - a scroll of blinking {unknown}
Potions
 g - a potion of might {unknown}
 h - a potion of magic
 i - a potion of flight {unknown}
 k - a potion of lignification {unknown}
Books
 c - a book of Minor Magic

   Spells                             Type                      Level
   *Magic Dart                        Conjuration                  1
   *Blink                             Translocation                2
   *Call Imp                          Summoning                    2
   Repel Missiles                     Charms/Air                   2
   Slow                               Hexes                        2
   Conjure Flame                      Conjuration/Fire             3
   Mephitic Cloud                     Conjuration/Poison/Air       3


   Skills:
 + Level 2.4 Dodging
 + Level 3.3 Stealth
 + Level 3.8 Spellcasting
 + Level 1.4 Conjurations
 + Level 1.0 Summonings
 + Level 1.0 Translocations


You had 4 spell levels left.
You knew the following spells:

 Your Spells              Type           Power        Failure   Level  Hunger
a - Magic Dart            Conj           #...         10%         1    None
b - Blink                 Tloc           N/A          14%         2    #......
c - Call Imp              Summ           #.......     14%         2    #......


Dungeon Overview and Level Annotations

Branches:
Dungeon (2/15)

Altars:


Innate Abilities, Weirdness & Mutations

You cannot wear most types of armour.
You are amphibious.
You can wear up to eight rings at the same time.
You can use your tentacles to constrict many enemies at once.
Your skin changes colour to match your surroundings (Stealth).
Your rubbery body absorbs attacks (AC +1).


Message History

You are poisoned.
The adder poisons you!
You tentacle-slap the adder. Your grab misses the adder.
Your squeeze misses the adder.
The adder is almost dead.
You feel sick. The adder bites you. The adder closely misses you.
You miss the adder. Your grab misses the adder.
The adder is almost dead.
The adder bites you.
* * * LOW HITPOINT WARNING * * *
You are lethally poisoned!
The adder poisons you!
You miss the adder. Your grab misses the adder. Your squeeze misses the adder.
The adder is almost dead.
* * * LOW HITPOINT WARNING * * *
You feel sick. The adder bites you.
* * * LOW HITPOINT WARNING * * *
Drink which item? (? for menu, Esc to quit)
Magic courses through your body.
It was a potion of magic.
The adder bites you.
You die...

# .>#
.$##############
#.........%....###
##......#####...####
#.S.%..# ###.w..#
#..@...# ####.#
###.#### #...# #).#
#.### #..# #.# #..#
#.# #..# #.# #..#
######.#### #..#
##.......... ###
#..# ##<..........


You could see an adder.

Vanquished Creatures
  2 worms (D:2)
  2 giant geckos
  3 bats
  A giant cockroach (D:1)
  A hobgoblin (D:1)
  2 jackals (D:2)
  4 giant newts
  5 goblins
  6 kobolds
  A quokka (D:1)
  3 rats (D:1)
30 creatures vanquished.

Vanquished Creatures (collateral kills)
  2 adders (D:2)
2 creatures vanquished.

Grand Total: 32 creatures vanquished

Notes
Turn   | Place    | Note
--------------------------------------------------------------
     0 | D:1      | Conan321, the Octopode Wizard, began the quest for the Orb.
     0 | D:1      | Reached XP level 1. HP: 11/11 MP: 4/4
   325 | D:1      | Reached XP level 2. HP: 17/17 MP: 0/6
   491 | D:1      | Learned a level 2 spell: Blink
   494 | D:1      | Learned a level 2 spell: Call Imp
  1018 | D:2      | Reached XP level 3. HP: 9/21 MP: 0/8
  1659 | D:2      | HP: 1/21 [adder (3)]
  1660 | D:2      | Slain by an adder

Action                   || total
-------------------------++-------
Melee: Unarmed           ||    34
 Cast: Magic Dart        ||    79
       Call Imp          ||     2
       Blink             ||     1
  Use: Potion            ||     1
 Stab: Sleeping          ||     1
  Eat: Chunk             ||     2
